 Dungeon Sprint DCSS version 0.20.0-10-g0535bb4 (webtiles) character file.

2344 Gorglomux the Unseen (level 9, 0/70 HPs)
             Began as an Octopode Assassin on June 4, 2017.
             Was a Priest of Sif Muna.
             Slain by a yaktaur captain (6 damage)
             ... while paralysed
             ... in the Dungeon (Sprint V: "Ziggurat Sprint").
             The game lasted 00:03:18 (249 turns).

Gorglomux the Unseen (Octopode Assassin)             Turns: 249, Time: 00:03:19

Health: 0/70       AC:  4    Str: 28    XL:     9   Next: 43%
Magic:  18/20      EV:  2    Int: 28    God:    Sif Muna [***...]
Gold:   0          SH:  0    Dex: 30    Spells: 19/23 levels left

rFire    + . .     SeeInvis .   s - +8 lance "Wyrmbane" {slay drac, rPois rF+ rC+ AC+3}
rCold    + . .     Gourm    .   (no shield)
rNeg     . . .     Faith    .   (helmet restricted)
rPois    +         Spirit   .   (no amulet)
rElec    .         Reflect  .   E - +6 ring of dexterity
rCorr    .         Harm     .   F - +6 ring of intelligence
MR       .....     NoTele   +   G - +6 ring of strength
Stlth    +++++++++.             H - +6 ring of strength
Regen    0.3/turn               J - +6 ring of intelligence
MPRegen  0.2/turn               K - +6 ring of dexterity
                                o - ring "Yrgheem" {+Inv EV+3}
                                (no ring)

@: paralysed, mighty, agile, marked, berserk cooldown, very slightly
contaminated, hasted and slowed
A: almost no armour, stealthy swim, amphibious, 8 rings, constrict 8, camouflage
1, gelatinous body 1
a: Divine Energy, Channel Magic, Renounce Religion, Evoke Invisibility


You were in the Dungeon.
You worshipped Sif Muna.
Sif Muna was most pleased with you.
You were not hungry.

You visited 1 branch

Inventory:

Hand Weapons
 a - a +2 dagger
 q - a +0 blowgun
 r - the +6 Majin-Bo {vamp, Archmagi MP+6 Int+6}
   (You found it in the Dungeon)

   It inflicts no extra harm, but heals its wielder when it wounds a living foe.
   It affects your intelligence (+6).
   It affects your magic capacity (+6).
 s - the +8 lance "Wyrmbane" (weapon) {slay drac, rPois rF+ rC+ AC+3}
   (You found it in the Dungeon)

   It affects your AC (+3).
   It protects you from fire.
   It protects you from cold.
   It protects you from poison.
 t - the +9 heavy crossbow "Sniper" {velocity, Acc+∞ SInv}
   (You found it in the Dungeon)

   Any bolt fired from it inflicts extra damage.
   It lets you see invisible.
Missiles
 c - 8 poisoned needles
 d - 2 curare-tipped needles
 y - 1000 sling bullets
 C - 1000 bolts
 D - 1000 arrows
Magical Staves
 w - an uncursed staff of energy
Jewellery
 o - the ring "Yrgheem" (on tentacle) {+Inv EV+3}
   (You found it in the Dungeon)

   [ring of evasion]

   It affects your evasion (+3).
   It lets you turn invisible.
 E - a +6 ring of dexterity (left tentacle)
 F - a +6 ring of intelligence (right tentacle)
 G - a +6 ring of strength (on tentacle)
 H - a +6 ring of strength (on tentacle)
 J - a +6 ring of intelligence (on tentacle)
 K - a +6 ring of dexterity (on tentacle)
Wands
 v - a wand of disintegration (7/24)
 A - a wand of acid (5/15)
 I - a wand of iceblast (5/15)
 L - a wand of lightning (5/15)
Scrolls
 m - a scroll of brand weapon
 x - 4 scrolls of amnesia
 B - 4 scrolls of blinking
 N - 2 scrolls of fear
 O - 5 scrolls of remove curse
 R - 5 scrolls of identify
 U - 7 scrolls of fog
 X - 3 scrolls of recharging
 Z - a scroll of holy word
Potions
 g - 8 potions of heal wounds
 h - 5 potions of haste
 i - 7 potions of magic
 j - 2 potions of berserk rage
 P - 2 potions of brilliance
 Q - 10 potions of curing
 T - 4 potions of resistance
 V - 4 potions of agility
 W - 4 potions of might
Books
 n - a book of Debilitation

   Spells                             Type                      Level
   a - Corona                         Hexes                        1
   b - Slow                           Hexes                        2
   c - Inner Flame                    Hexes/Fire                   3
   d - Portal Projectile              Hexes/Translocation          3
   e - Cause Fear                     Hexes                        4
   f - Leda's Liquefaction            Hexes/Earth                  4
 S - a book of Battle

   Spells                             Type                      Level
   a - Infusion                       Charms                       1
   b - Shroud of Golubria             Charms/Translocation         2
   c - Song of Slaying                Charms                       2
   d - Spectral Weapon                Hexes/Charms                 3
   e - Regeneration                   Charms/Necromancy            3
Miscellaneous
 u - a lightning rod (4/4)
 Y - a lamp of fire
Comestibles
 f - 5 bread rations
 p - 3 chunks of flesh
 z - 4 meat rations
 M - 42 fruits


   Skills:
 + Level 10.3 Fighting
 - Level 9.1 Short Blades
 - Level 2.0 Throwing
 - Level 1.0 Dodging
 + Level 17.1 Stealth
 + Level 7.8 Spellcasting
 + Level 4.6 Hexes
 + Level 5.1 Evocations


You had 19 spell levels left.
You knew the following spells:

 Your Spells              Type           Power        Failure   Level  Hunger
a - Cause Fear            Hex            #####.....   8%          4    ##.....


Dungeon Overview and Level Annotations

Branches:
Dungeon (1/1)

Altars:
Ashenzari
Cheibriados
Dithmenos
Elyvilon
Fedhas
Gozag
Hepliaklqana
Kikubaaqudgha
Makhleb
Nemelex Xobeh
Okawaru
Qazlal
Ru
Sif Muna
Trog
Uskayaw
Vehumet
Xom
Yredelemnul
Zin
The Shining One
Beogh
Jiyva
Lugonu

Annotations:
D 1 transporter


Innate Abilities, Weirdness & Mutations

You cannot wear most types of armour.
You are very stealthy in the water. (Stealth+)
You are amphibious.
You can wear up to eight rings at the same time.
You can use your tentacles to constrict eight enemies at once.
Your skin changes colour to match your surroundings (Stealth+).
Your rubbery body absorbs attacks. (AC +1, EV +1)


Message History

Unknown command.
You puncture the cyclops!
You kill the cyclops!
Sif Muna accepts your kill.
Your Stealth skill increases to level 17!
Your Hexes skill increases to level 4!
Your Evocations skill increases to level 5!
Unknown command.
Unknown command.
The yaktaur captain shoots a bolt.
The bolt barely misses you.
Things that are here:
2 bolts; a large rock; an ugly thing corpse You feel a strong urge to attack something.
You are no longer berserk.
You pass out from exhaustion.
You feel yourself slow down.
You are no longer corroded.
The yaktaur captain unwields an uncursed arbalest.
The yaktaur captain hits you.
You die...

▓.....▓.....▓.....▓
▓.....▓.....▓.....▓
▓.....▓.....▓▓▓▓▓▓▓
▓▓▓▓▓▓▓▓▓▓▓▓▓▓▓▓▓▓▓
▓..8©8...▓..8©8...▓
▓..).....▓..)[[...▓
▓...|....▓..".?...▓
▓........▓c.......▓
▓........▓@((.....▓
▓.▓....▓.▓(▓)...▓.▓
▓........▓(().....▓
▓▓▓▓▓▓▓▓▓▓▓▓▓▓▓▓▓▓▓


You could see a yaktaur captain.

Vanquished Creatures
  An ironheart preserver (D)
  A large abomination (D)
  A deep elf mage (D)
  An ugly thing (D)
  A cyclops (D)
  A vault sentinel (D)
  A water elemental (D)
  A crimson imp (D)
  2 orc priests (D)
  A mummy (D)
  2 white imps (D)
  An orc (D)
  A bat zombie (D)
  2 giant cockroach zombies (D)
17 creatures vanquished.

Vanquished Creatures (others)
  2 spatial maelstroms (D)
2 creatures vanquished.

Grand Total: 19 creatures vanquished

Notes
Turn   | Place    | Note
-------+----------+-------------------------------------------
     0 | D        | Gorglomux the Octopode Assassin began the quest for the Orb.
     0 | D        | Reached XP level 1. HP: 14/14 MP: 1/1
     0 | D        | Found a deep blue altar of Sif Muna.
     0 | D        | Found a sacrificial altar of Ru.
     0 | D        | Found a bloodstained altar of Trog.
     0 | D        | Found a stormy altar of Qazlal.
     0 | D        | Found an iron altar of Okawaru.
     0 | D        | Found a sparkling altar of Nemelex Xobeh.
     0 | D        | Found a blossoming altar of Fedhas.
     2 | D        | Found a transporter.
     2 | D        | Found an ancient bone altar of Kikubaaqudgha.
     2 | D        | Found a viscous altar of Jiyva.
     2 | D        | Found a corrupted altar of Lugonu.
     2 | D        | Found a hazy altar of Hepliaklqana.
     2 | D        | Found a burning altar of Makhleb.
     2 | D        | Found an opulent altar of Gozag.
     2 | D        | Banished a spatial maelstrom
     4 | D        | Banished a spatial maelstrom
    53 | D        | Became a worshipper of Sif Muna the Loreminder
   141 | D        | Reached skill level 11 in Stealth
   141 | D        | Reached XP level 2. HP: 19/19 MP: 2/2
   142 | D        | Entered arena 2.
   142 | D        | Noticed a deep elf mage
   142 | D        | Noticed a water elemental
   142 | D        | Found a transporter.
   145 | D        | Killed a water elemental
   145 | D        | Reached skill level 13 in Stealth
   145 | D        | Reached XP level 3. HP: 29/29 MP: 3/3
   145 | D        | Reached XP level 4. HP: 35/35 MP: 4/4
   145 | D        | Reached XP level 5. HP: 39/39 MP: 5/5
   146 | D        | Killed a deep elf mage
   146 | D        | Reached * piety under Sif Muna
   146 | D        | Reached skill level 14 in Stealth
   146 | D        | Reached XP level 6. HP: 50/50 MP: 5/13
   146 | D        | Reached XP level 7. HP: 54/54 MP: 5/14
   150 | D        | Entered arena 3.
   150 | D        | Found a transporter.
   155 | D        | Reached skill level 15 in Stealth
   161 | D        | Entered arena 4.
   161 | D        | Noticed a large abomination
   161 | D        | Found a transporter.
   165 | D        | Killed a large abomination
   165 | D        | Reached ** piety under Sif Muna
   165 | D        | Reached skill level 9 in Fighting
   165 | D        | Reached skill level 9 in Short Blades
   165 | D        | Reached skill level 6 in Spellcasting
   165 | D        | Reached XP level 8. HP: 63/63 MP: 7/17
   167 | D        | Reached skill level 16 in Stealth
   171 | D        | Got the ring "Yrgheem" {+Inv EV+3}
   180 | D        | Learned a level 4 spell: Cause Fear
   209 | D        | Entered arena 5.
   209 | D        | Found a transporter.
   223 | D        | Entered arena 6.
   223 | D        | Noticed a yaktaur captain
   223 | D        | Noticed a vault sentinel
   223 | D        | Noticed a cyclops
   223 | D        | Noticed a brown ugly thing
   223 | D        | Noticed an ironheart preserver
   223 | D        | Found a transporter.
   236 | D        | Killed a white ugly thing
   236 | D        | Reached skill level 1 in Hexes
   236 | D        | Reached skill level 1 in Evocations
   239 | D        | Killed a vault sentinel
   239 | D        | Reached *** piety under Sif Muna
   242 | D        | Killed an ironheart preserver
   242 | D        | Reached skill level 3 in Hexes
   242 | D        | Reached XP level 9. HP: 55/70 MP: 17/20
   246 | D        | Killed a cyclops
   246 | D        | Reached skill level 17 in Stealth
   249 | D        | Slain by a yaktaur captain

Skill      XL: |  1  2  3  4  5  6  7  8  9 |
---------------+----------------------------+-----
Stealth        | 11 13 14 15 16 17 | 17.1
Fighting       | 5 7 9 10 | 10.3
Short Blades   | 5 7 9 |  9.1
Spellcasting   | 4 6 7 |  7.8
Hexes          | 3 4 |  4.6
Evocations     | 4 5 |  5.1
Throwing       | |  2.0
Dodging        | |  1.0

Action                   |  1- 3 |  4- 6 |  7- 9 || total
-------------------------+-------+-------+-------++-------
Melee: Dagger            |     1 |     1 |    11 ||    13
       Lance             |       |       |    11 ||    11
       Tentacles         |       |       |     5 ||     5
       Constrict         |       |       |     2 ||     2
  Use: Potion            |     2 |       |     7 ||     9
 Stab: Sleeping          |     1 |     1 |    10 ||    12
       Invisible         |       |       |     3 ||     3
Dodge: Dodged            |       |       |    18 ||    18
